[Event "December 5 Early 2023"]
[Site "https://www.chess.com"]
[Date "2023.12.05"]
[Round "1"]
[White "Shandrygin, Nikita"]
[Black "Kleibel, Uwe"]
[Result "1-0"]
[Board "135"]
[TimeControl "180+1"]
[WhiteFideId "24198668"]
[BlackFideId "1270982"]
[WhiteElo "2664"]
[BlackElo "2374"]
[WhiteTeam "RUS"]
[BlackTeam "GER"]
[WhiteClock "0:00:06"]
[BlackClock "0:00:08"]

1. Nf3 d5 2. g3 Nf6 3. d4 e6 4. Bg2 Be7 5. O-O O-O 6. b3 a5 7. Nbd2 a4 8. Bb2 a3 9. Bc3 b5 10. Rc1 b4 11. Ba1 Ba6 12. Ne5 Nfd7 13. Nd3 Nc6 14. Re1 Bf6 15. e3 Qb8 16. Bf1 Qb6 17. c4 bxc3 18. Bxc3 Bxd3 19. Bxd3 Nb4 20. Bb1 Rfc8 21. Nf3 c5 22. Qd2 Rab8 23. Red1 g6 24. dxc5 Rxc5 25. Bxf6 Nxf6 26. Rxc5 Qxc5 27. Rc1 Qe7 28. Ne5 Nd7 29. Rc7 Qd6 30. Nxd7 Qxc7 31. Nxb8 Qxb8 32. Qc1 Qa7 33. Qc8+ Kg7 34. Qc3+ d4 35. Qxb4 dxe3 36. Qc3+ f6 37. fxe3 Qd7 38. Bc2 Qd5 39. Qd3 Qf3 40. Qd7+ Kh6 41. Qd4 e5 42. Qd3 Kg7 43. e4 Qg4 44. Qd2 h5 45. Kg2 g5 46. Qd1 Qc8 47. Bd3 Qc3 48. Qe2 g4 49. Bc4 Qd4 50. h3 gxh3+ 51. Kxh3 Qg1 52. Qg2 Qe3 53. Kh2 Kh6 54. Bd5 Qc3 55. Bc4 Kg5 56. Qe2 Qc1 57. Kg2 Qc3 58. Kf2 Kg6 59. Kg2 Kg5 60. Qf2 Kg6 61. Qf5+ Kg7 62. Qd7+ Kh6 63. Qd3 Qb2+ 64. Qe2 Qd4 65. b4 Kg5 66. b5 Kg6 67. Bd3 Qb6 68. Qf2 Qa5 69. b6 Qb4 70. Qf5+ Kg7 71. Qd7+ Kg6 72. Qe8+ Kh6 73. Qh8+ Kg6 74. Qg8+ Kh6 75. Qb3 Qd2+ 76. Kg1 Qe1+ 77. Bf1 Qd2 78. b7 Qd4+ 79. Kg2 Qxe4+ 80. Qf3 Qc2+ 81. Be2 Qb2 82. Qxh5+ Kg7 83. Qg4+ Kf7 84. Qc4+ Kg6 85. Qd3+ f5 86. Qd6+ Kg5 87. Qe7+ Kg6 88. Qe6+ Kg5 89. Qg8+ Kf6 90. Qf8+ Kg5 91. Qg7# 1-0

[Event "December 5 Early 2023"]
[Site "https://www.chess.com"]
[Date "2023.12.05"]
[Round "1"]
[White "Dmitrenko, Viktor"]
[Black "Timerkhanov, Alexander"]
[Result "1/2-1/2"]
[Board "136"]
[TimeControl "180+1"]
[WhiteFideId "14110270"]
[BlackFideId "24177938"]
[WhiteElo "2373"]
[BlackElo "2664"]
[WhiteTeam "UKR"]
[BlackTeam "RUS"]
[WhiteClock "0:00:26"]
[BlackClock "0:00:30"]

1. d4 c6 2. e3 d5 3. c4 Nf6 4. Nc3 a6 5. Nf3 Bf5 6. b3 e6 7. Bd3 Bg6 8. O-O Nbd7 9. Qe2 Bb4 10. Bd2 a5 11. a3 Bxc3 12. Bxc3 O-O 13. Bxg6 hxg6 14. Nd2 Re8 15. e4 e5 16. cxd5 exd4 17. Bxd4 Nxd5 18. Qf3 N5f6 19. Rfd1 Qe7 20. Re1 Ne5 21. Qc3 Rad8 22. Bb6 Rd3 23. Qc2 a4 24. bxa4 Rxa3 25. Rxa3 Qxa3 26. a5 Qd3 27. Qb2 Nc4 28. Nxc4 Qxc4 29. f3 Nd7 30. Bf2 Ne5 31. Rc1 Qa6 32. Qb6 Qxb6 33. Bxb6 Nd7 34. Bd4 Ra8 35. Rb1 Rxa5 36. Rxb7 Nf6 1/2-1/2

[Event "December 5 Early 2023"]
[Site "https://www.chess.com"]
[Date "2023.12.05"]
[Round "1"]
[White "Belov, Alexei"]
[Black "Bolat, Inayat"]
[Result "0-1"]
[Board "137"]
[TimeControl "180+1"]
[WhiteFideId "4128206"]
[BlackFideId "13733125"]
[WhiteElo "2662"]
[BlackElo "2373"]
[WhiteTeam "RUS"]
[BlackTeam "KAZ"]
[WhiteClock "0:00:25"]
[BlackClock "0:00:38"]

1. e4 e5 2. Nf3 Nc6 3. Bb5 a6 4. Ba4 d6 5. c3 Bd7 6. d4 g6 7. O-O Bg7 8. dxe5 Nxe5 9. Nxe5 dxe5 10. Bg5 Ne7 11. Nd2 O-O 12. Bb3 h6 13. Be3 Kh7 14. Qe2 Qe8 15. Rfe1 f5 16. exf5 gxf5 17. Rad1 b6 18. f4 Ng6 19. fxe5 f4 20. Bf2 Nxe5 21. Nc4 f3 22. Qe4+ Bf5 23. Qh4 Qg6 24. Bg3 f2+ 25. Bxf2 Nf3+ 0-1

[Event "December 5 Early 2023"]
[Site "https://www.chess.com"]
[Date "2023.12.05"]
[Round "1"]
[White "Ovezdurdyyeva, Jemal"]
[Black "Banzea, Alexandru-Bogdan"]
[Result "1-0"]
[Board "138"]
[TimeControl "180+1"]
[WhiteFideId "14001888"]
[BlackFideId "1232622"]
[WhiteElo "2371"]
[BlackElo "2660"]
[WhiteTeam "TKM"]
[BlackTeam "ROU"]
[WhiteClock "0:01:10"]
[BlackClock "0:00:00"]

1. e4 c5 2. Nf3 g6 3. c3 Nc6 4. d4 d5 5. exd5 Qxd5 6. Be2 Bg7 7. Be3 cxd4 8. cxd4 Nf6 9. Nc3 Qd8 10. d5 Nb8 11. O-O O-O 12. Qd2 Bg4 13. Rac1 Nbd7 14. h3 Bxf3 15. Bxf3 Nb6 16. Rfd1 Nc4 17. Qe2 Nxe3 18. Qxe3 Ne8 19. Re1 Bf6 20. Ne4 Bxb2 21. Rb1 Bg7 22. Rxb7 Nd6 23. Nxd6 exd6 24. Rxa7 Qb8 25. Rxa8 Qxa8 26. Qe7 Be5 27. Re2 Qa3 28. Qc7 Qd3 29. Qc2 Qd4 30. g3 Bxg3 31. Kg2 Be5 32. Re4 Qa1 33. a4 Ra8 34. Rc4 Qe1 35. Bg4 Qa5 36. Bd7 Kg7 37. Qe4 Rb8 38. Rc2 Qe1 39. Qf3 1-0

[Event "December 5 Early 2023"]
[Site "https://www.chess.com"]
[Date "2023.12.05"]
[Round "1"]
[White "Goryachkina, Aleksandra"]
[Black "Melikhov, Evgeny V."]
[Result "1-0"]
[Board "139"]
[TimeControl "180+1"]
[WhiteFideId "4147103"]
[BlackFideId "4122046"]
[WhiteElo "2659"]
[BlackElo "2369"]
[WhiteTeam "FID"]
[BlackTeam "GRE"]
[WhiteClock "0:01:36"]
[BlackClock "0:00:52"]

1. e4 e5 2. Nf3 Nc6 3. Bc4 Nf6 4. d3 Be7 5. O-O O-O 6. Nc3 d6 7. a3 Be6 8. Nd5 Bxd5 9. exd5 Nd4 10. Nxd4 exd4 11. c3 dxc3 12. bxc3 Nd7 13. Rb1 Rb8 14. d4 a6 15. a4 Bg5 16. f4 Bh6 17. a5 f5 18. Re1 Re8 19. Re6 Nf8 20. Rxe8 Qxe8 21. Bd3 g6 22. Bd2 Bg7 23. g4 fxg4 24. Qxg4 Nd7 25. Qe6+ Kh8 26. Qxe8+ Rxe8 27. Rxb7 1-0

[Event "December 5 Early 2023"]
[Site "https://www.chess.com"]
[Date "2023.12.05"]
[Round "1"]
[White "Manon-og, Ramon Jr."]
[Black "Ovetchkin, Roman"]
[Result "1-0"]
[Board "140"]
[TimeControl "180+1"]
[WhiteFideId "5200776"]
[BlackFideId "4119991"]
[WhiteElo "2367"]
[BlackElo "2659"]
[WhiteTeam "PHI"]
[BlackTeam "RUS"]
[WhiteClock "0:00:45"]
[BlackClock "0:00:17"]

1. e4 c6 2. d4 d5 3. e5 Bf5 4. Nd2 e6 5. Nb3 Nd7 6. Nf3 Qc7 7. Be2 f6 8. Bf4 fxe5 9. Nxe5 Bd6 10. O-O Nxe5 11. dxe5 Bxe5 12. Bxe5 Qxe5 13. Re1 Qd6 14. Bh5+ g6 15. Bf3 h5 16. Qd4 Rh7 17. c4 Re7 18. Re5 Qb4 19. Rc1 Kf7 20. h3 Nf6 21. Rc3 dxc4 22. Rxc4 Qb6 23. Qh4 Rd8 24. g4 hxg4 25. hxg4 Bd3 26. Rf4 1-0

[Event "December 5 Early 2023"]
[Site "https://www.chess.com"]
[Date "2023.12.05"]
[Round "1"]
[White "Cieslak, Patryk"]
[Black "Garrido, Denis"]
[Result "0-1"]
[Board "141"]
[TimeControl "180+1"]
[WhiteFideId "21078882"]
[BlackFideId "601217"]
[WhiteElo "2658"]
[BlackElo "2367"]
[WhiteTeam "POL"]
[BlackTeam "FRA"]
[WhiteClock "0:00:02"]
[BlackClock "0:00:09"]

1. e4 e6 2. d4 d5 3. Nd2 a6 4. c3 c5 5. exd5 exd5 6. Ngf3 Nf6 7. Be2 Nc6 8. O-O cxd4 9. Nxd4 Bd6 10. N2f3 O-O 11. Bg5 h6 12. Bh4 Re8 13. Re1 Bg4 14. Nxc6 bxc6 15. Nd4 Bxe2 16. Rxe2 Rxe2 17. Qxe2 g5 18. Bg3 Bxg3 19. hxg3 Qd7 20. Qf3 Ne4 21. Nf5 Qe6 22. Nd4 Qd6 23. Qh5 Qg6 24. Qxg6+ fxg6 25. Nxc6 Kf7 26. Ne5+ Kf6 27. Ng4+ Kg7 28. Ne3 Rb8 29. Nd1 Kf6 30. Rc1 Ke5 31. Rc2 a5 32. Re2 Kd6 33. c4 a4 34. cxd5 Kxd5 35. Re3 Kd4 36. Ra3 Rb4 37. g4 Nd2 38. Ne3 Ke4 39. Kh2 Kf4 40. Kh3 Ke4 41. Nf1 Nxf1 42. b3 axb3 43. axb3 Nd2 44. Ra6 Rxb3+ 45. f3+ Kf4 46. Rf6+ Ke3 47. Rxg6 Kf2 48. Rxh6 Rb1 49. Kh2 Nf1+ 50. Kh3 Ng3 51. Kh2 Rh1# 0-1

[Event "December 5 Early 2023"]
[Site "https://www.chess.com"]
[Date "2023.12.05"]
[Round "1"]
[White "Semenenko, Dmytry"]
[Black "Shyam, Sundar M."]
[Result "0-1"]
[Board "142"]
[TimeControl "180+1"]
[WhiteFideId "14118645"]
[BlackFideId "5019141"]
[WhiteElo "2364"]
[BlackElo "2658"]
[WhiteTeam "UKR"]
[BlackTeam "IND"]
[WhiteClock "0:01:07"]
[BlackClock "0:00:27"]

1. Nf3 b6 2. c4 Bb7 3. d4 g6 4. g3 Bg7 5. Bg2 Nf6 6. O-O O-O 7. Nc3 Ne4 8. Qc2 Nxc3 9. bxc3 d6 10. e4 e5 11. Be3 Nd7 12. Rfd1 Qe7 13. a4 exd4 14. Nxd4 Nc5 15. f3 f5 16. Re1 fxe4 17. Bf4 Rae8 18. fxe4 Ne6 19. Be3 Nxd4 20. Bxd4 a5 21. e5 Bxg2 22. exd6 Qxd6 23. Bxg7 Kxg7 24. Rxe8 Rxe8 25. Qxg2 Qc5+ 26. Qf2 Qxc4 27. Rf1 Qe6 28. Qd4+ Qe5 29. Qd7+ Re7 30. Qd8 Qe3+ 31. Kg2 Qe2+ 32. Kg1 Qe3+ 33. Kg2 Qe4+ 34. Kg1 Kh6 35. Qf8+ Kh5 36. Qf6 Qe3+ 37. Kg2 Qe4+ 38. Kg1 g5 39. Rf5 Qe1+ 40. Kg2 Re2+ 41. Kh3 Qf1+ 42. Rxf1 g4# 0-1

[Event "December 5 Early 2023"]
[Site "https://www.chess.com"]
[Date "2023.12.05"]
[Round "1"]
[White "Vlassov, Nikolai"]
[Black "Kolmagorov, Alexey"]
[Result "1-0"]
[Board "143"]
[TimeControl "180+1"]
[WhiteFideId "4103360"]
[BlackFideId "34129402"]
[WhiteElo "2657"]
[BlackElo "2363"]
[WhiteTeam "FID"]
[BlackTeam "RUS"]
[WhiteClock "0:01:32"]
[BlackClock "0:00:08"]

1. e4 c5 2. c3 Nf6 3. e5 Nd5 4. d4 cxd4 5. cxd4 d6 6. Bc4 Nb6 7. Bb3 g6 8. e6 f5 9. d5 Bg7 10. Nc3 Na6 11. Nge2 Nc5 12. Bc2 O-O 13. h4 Nc4 14. h5 b5 15. hxg6 hxg6 16. Bh6 b4 17. Bxg7 Kxg7 18. Qd4+ Ne5 19. f4 Rh8 20. O-O-O bxc3 21. fxe5 cxb2+ 22. Kb1 1-0

[Event "December 5 Early 2023"]
[Site "https://www.chess.com"]
[Date "2023.12.05"]
[Round "1"]
[White "Buchenau, Frank"]
[Black "Moksh Amit Doshi"]
[Result "1-0"]
[Board "144"]
[TimeControl "180+1"]
[WhiteFideId "4604350"]
[BlackFideId "25064967"]
[WhiteElo "2357"]
[BlackElo "2656"]
[WhiteTeam "GER"]
[BlackTeam "IND"]
[WhiteClock "0:00:31"]
[BlackClock "0:00:42"]

1. e4 c5 2. Nf3 d6 3. Bb5+ Nd7 4. O-O a6 5. Bd3 Ngf6 6. Re1 e6 7. c3 b5 8. Bc2 c4 9. b3 Bb7 10. a4 cxb3 11. Bxb3 Nxe4 12. axb5 axb5 13. Rxa8 Qxa8 14. Na3 b4 15. cxb4 d5 16. Nb5 Qb8 17. d3 Nef6 18. Qc2 Bxb4 19. Nc7+ Ke7 20. Bd2 Bxd2 21. Qxd2 Qxc7 22. Qb4+ Qd6 23. Qxb7 Rb8 24. Qa7 Rxb3 25. Nd4 Qb4 26. Nc6+ Ke8 27. Nxb4 Rxb4 28. Rc1 Rb8 29. h3 h6 30. Rc7 Rd8 31. f4 Kf8 32. Kf2 Kg8 33. g4 e5 34. g5 hxg5 35. fxg5 1-0

[Event "December 5 Early 2023"]
[Site "https://www.chess.com"]
[Date "2023.12.05"]
[Round "1"]
[White "Spata, German"]
[Black "Buscar, Michael"]
[Result "1-0"]
[Board "145"]
[TimeControl "180+1"]
[WhiteFideId "113026"]
[BlackFideId "2603616"]
[WhiteElo "2651"]
[BlackElo "2352"]
[WhiteTeam "ARG"]
[BlackTeam "CAN"]
[WhiteClock "0:00:15"]
[BlackClock "0:00:00"]

1. Nf3 d5 2. b3 Nf6 3. Bb2 Bg4 4. e3 e6 5. Be2 Be7 6. O-O O-O 7. h3 Bh5 8. c4 a5 9. cxd5 exd5 10. a3 c6 11. d3 Na6 12. Nbd2 Nc5 13. Re1 Bg6 14. Qc2 Qb6 15. Bd4 Qb5 16. Ne5 Bf5 17. Rab1 Bd6 18. Ndf3 Rfe8 19. Rec1 Nfd7 20. Nxd7 Nxd7 21. Qb2 Bf8 22. Rd1 Nc5 23. Qc2 Ne6 24. Bb2 Qc5 25. Rdc1 Qxc2 26. Rxc2 Nc5 27. Ne1 Nxb3 28. Bxg7 Kxg7 29. Rxb3 Reb8 30. g4 Bd7 31. d4 b5 32. Nd3 Bd6 33. Nc5 Be8 34. Rbb2 b4 35. axb4 axb4 36. Bd3 Ra1+ 37. Kg2 Ra3 38. Bf5 Bxc5 39. Rxc5 Rb6 40. Rc1 h6 41. Rcb1 b3 42. Kf1 Kf6 43. Ke2 Ke7 44. Kd2 Bd7 45. Bxd7 Kxd7 46. Kc3 Ra4 47. Rxb3 Rc4+ 48. Kd2 Rxb3 49. Rxb3 Ke6 50. Ke2 Kd6 51. Kf3 Rc2 52. Rb8 Ke6 53. Rh8 Ke7 54. Rxh6 Kd7 55. h4 Ke7 56. h5 c5 57. dxc5 Rxc5 58. Ra6 Rc4 59. Ra7+ Kf8 60. Rd7 1-0

[Event "December 5 Early 2023"]
[Site "https://www.chess.com"]
[Date "2023.12.05"]
[Round "1"]
[White "Tarasova, Viktoriya"]
[Black "Jakubowski, Krzysztof"]
[Result "1/2-1/2"]
[Board "146"]
[TimeControl "180+1"]
[WhiteFideId "4175840"]
[BlackFideId "1112848"]
[WhiteElo "2352"]
[BlackElo "2651"]
[WhiteTeam "RUS"]
[BlackTeam "POL"]
[WhiteClock "0:00:09"]
[BlackClock "0:00:33"]

1. d4 Nf6 2. c4 e6 3. Nc3 Bb4 4. e3 O-O 5. Bd3 d5 6. cxd5 exd5 7. Ne2 Re8 8. O-O a6 9. Ng3 g6 10. f3 c5 11. a3 Ba5 12. dxc5 Bxc3 13. bxc3 Nbd7 14. c6 bxc6 15. e4 dxe4 16. Nxe4 Nxe4 17. Bxe4 Qf6 18. Qd4 Re6 19. Rd1 Qxd4+ 20. Rxd4 Nc5 21. Bh6 Bb7 22. Rad1 Nxe4 23. fxe4 c5 24. Rd8+ Re8 25. Rxe8+ Rxe8 26. e5 Bc6 27. Rd6 Bb5 28. Bf4 h5 29. Rd5 c4 30. Kf2 Kf8 31. g3 Re6 32. Rd8+ Kg7 33. Rd4 Rb6 34. Rd6 Rb7 35. e6 fxe6 36. Rxe6 Kf7 37. Rd6 Re7 38. h4 Re4 39. Bg5 Re5 40. Rf6+ Kg7 41. Rd6 Rf5+ 42. Ke3 Kf7 43. Rd8 Ke6 44. Bf4 Rf7 45. Rd6+ Kf5 46. Rd5+ Ke6 47. Re5+ Kf6 48. Rd5 Re7+ 49. Kf2 Re6 50. Rd6 Rxd6 51. Bxd6 Kf5 52. Bf4 Ke4 53. Ke2 Bd7 54. Bc7 Bf5 55. Kd2 Bg4 56. Bb8 Bd7 57. Bc7 Be6 58. Bb8 Bd7 59. Bc7 Be6 60. Bb8 Bd7 1/2-1/2

[Event "December 5 Early 2023"]
[Site "https://www.chess.com"]
[Date "2023.12.05"]
[Round "1"]
[White "Prohaszka, Peter"]
[Black "Battlecruiser_Operational"]
[Result "1-0"]
[Board "147"]
[TimeControl "180+1"]
[WhiteFideId "726265"]
[WhiteElo "2650"]
[BlackElo "2347"]
[WhiteTeam "HUN"]
[WhiteClock "0:00:05"]
[BlackClock "0:00:27"]

1. e4 e6 2. d4 d5 3. e5 c5 4. c3 Nc6 5. Nf3 Bd7 6. Be2 Rc8 7. O-O Qb6 8. a3 c4 9. Nbd2 Nge7 10. Qe1 Ng6 11. g3 Be7 12. Bd1 O-O 13. h4 f6 14. h5 Nh8 15. h6 gxh6 16. exf6 Bxf6 17. Bc2 Ng6 18. Qe3 Bg7 19. Re1 Rce8 20. Nf1 Na5 21. N1h2 Nb3 22. Bxb3 Qxb3 23. Qe2 e5 24. dxe5 Nxe5 25. Nxe5 Rxe5 26. Be3 Bf5 27. Ng4 Re6 28. Nh2 Bd3 29. Qg4 Re4 30. Qd7 Re5 31. Ng4 Ref5 32. Bxh6 R5f7 33. Qxd5 Qxb2 34. Bxg7 Kxg7 35. Qg5+ Bg6 36. Qe5+ Rf6 37. Rad1 Qxa3 38. Rd7+ Rf7 39. Qxf6+ Kg8 40. Nh6+ Kf8 41. Rd8# 1-0

[Event "December 5 Early 2023"]
[Site "https://www.chess.com"]
[Date "2023.12.05"]
[Round "1"]
[White "Zia, Tahsin Tajwar"]
[Black "Feuerstack, Aljoscha"]
[Result "1/2-1/2"]
[Board "148"]
[TimeControl "180+1"]
[WhiteFideId "10211888"]
[BlackFideId "4681932"]
[WhiteElo "2347"]
[BlackElo "2649"]
[WhiteTeam "BAN"]
[BlackTeam "GER"]
[WhiteClock "0:00:12"]
[BlackClock "0:00:12"]

1. d4 Nf6 2. Nc3 d5 3. Bf4 a6 4. e3 c5 5. dxc5 Nc6 6. Nf3 Bg4 7. Be2 e6 8. Na4 Bxc5 9. Nxc5 Qa5+ 10. c3 Qxc5 11. h3 Bxf3 12. Bxf3 O-O 13. O-O Rad8 14. Bg5 Qe7 15. Qe2 h6 16. Bh4 e5 17. e4 d4 18. Rfd1 Rd6 19. Rac1 Rfd8 20. cxd4 Nxd4 21. Qe3 g5 22. Bg3 Nxf3+ 23. Qxf3 Rxd1+ 24. Rxd1 Rxd1+ 25. Qxd1 Nxe4 26. Qd5 Nxg3 27. fxg3 Qc7 28. Kh2 Kg7 29. b4 Qe7 30. Qe4 b6 31. a3 a5 32. bxa5 bxa5 33. Qd5 e4 34. Qxa5 e3 35. a4 e2 36. Qe1 Qe3 37. a5 Qd3 38. Kg1 Qd4+ 39. Kh2 Qd1 40. Qc3+ Kg6 41. Qc6+ Kg7 42. Qc3+ Kh7 43. Qc4 Qf1 44. Qe4+ Kg7 45. Qe5+ Kg6 46. Qe4+ Kf6 47. Qd4+ Ke6 48. Qe4+ Kf6 49. Qd4+ Kg6 50. Qe4+ Kg7 51. Qe5+ f6 52. Qe7+ Kg6 53. Qe4+ Kf7 54. Qh7+ Ke6 55. Qe4+ Kd6 56. Qd4+ Ke7 57. Qe4+ Kf8 58. Qa8+ Kg7 59. Qb7+ Kg8 60. Qa8+ Kg7 61. Qb7+ Kg6 62. Qe4+ Kf7 63. Qb7+ Ke8 64. Qc6+ Kd8 65. Qd6+ Ke8 66. Qc6+ Kf7 67. Qb7+ Kg8 68. Qa8+ Kg7 1/2-1/2

[Event "December 5 Early 2023"]
[Site "https://www.chess.com"]
[Date "2023.12.05"]
[Round "1"]
[White "Kuzhylnyi, Oleksandr"]
[Black "Biernacki, Mark"]
[Result "1-0"]
[Board "149"]
[TimeControl "180+1"]
[WhiteFideId "34110500"]
[BlackFideId "2082322"]
[WhiteElo "2648"]
[BlackElo "2344"]
[WhiteTeam "UKR"]
[BlackTeam "USA"]
[WhiteClock "0:00:37"]
[BlackClock "0:00:21"]

1. b4 d5 2. Bb2 Bf5 3. e3 e6 4. Nf3 Nf6 5. a3 h6 6. d3 Bh7 7. Nbd2 a5 8. b5 c6 9. bxc6 bxc6 10. Be2 Nbd7 11. O-O Be7 12. Ne5 Qc7 13. Nxd7 Qxd7 14. Nf3 O-O 15. Qd2 c5 16. Rfb1 Rfd8 17. Be5 Qc6 18. Ra2 Nd7 19. Ba1 c4 20. Ne5 Qa4 21. Rb7 cxd3 22. cxd3 Bd6 23. Bd1 Qh4 24. g3 Qe7 25. Nc6 Qe8 26. Nxd8 Qxd8 27. Rc2 Nc5 28. Qc3 Nxb7 29. Qxg7# 1-0

[Event "December 5 Early 2023"]
[Site "https://www.chess.com"]
[Date "2023.12.05"]
[Round "1"]
[White "Sari, Yasin"]
[Black "Antunez Soler, Luis"]
[Result "0-1"]
[Board "150"]
[TimeControl "180+1"]
[WhiteFideId "6320902"]
[BlackFideId "3513335"]
[WhiteElo "2343"]
[BlackElo "2648"]
[WhiteTeam "TUR"]
[BlackTeam "CUB"]
[WhiteClock "0:00:00"]
[BlackClock "0:01:38"]

1. d4 d5 2. Bf4 Nf6 3. e3 c5 4. c3 Nc6 5. Nd2 Qb6 6. Qb3 c4 7. Qc2 e6 8. e4 Be7 9. e5 Nd7 10. Ngf3 Qd8 11. b3 cxb3 12. axb3 f5 13. exf6 Nxf6 14. Bd3 O-O 15. Bg3 Bd7 16. O-O Rc8 17. Qb1 h6 18. Re1 a6 19. Nh4 Na7 20. Ng6 Re8 21. Re3 Nb5 22. Nxe7+ Qxe7 23. Bg6 Rf8 24. Qb2 Be8 25. Bxe8 Rfxe8 26. c4 Nd6 27. Rae1 Qd7 28. Bxd6 Qxd6 29. c5 Qd7 30. Nf3 Ng4 31. Ne5 Nxe5 32. Rxe5 Re7 33. h4 Rce8 34. Qc2 Rf7 35. Qg6 Rf6 36. Qg4 Ref8 37. R1e2 Qf7 38. f3 Rf4 39. Qxe6 Rxd4 40. Qxf7+ Rxf7 41. Re8+ Kh7 42. R8e7 Rxe7 43. Rxe7 Rb4 44. Rd7 Rxb3 45. Rxd5 a5 46. c6 b6 47. c7 Rc3 48. Rb5 Rxc7 49. Rxb6 Ra7 50. Rb3 a4 51. Ra3 Kg6 52. g4 Kf6 53. f4 Ke6 54. Kf2 Kd5 55. Kf3 Kc4 56. f5 Kb4 57. Ra1 a3 58. g5 Kb3 59. Kg4 hxg5 60. hxg5 Kb2 61. Rf1 Rc7 62. Rf4 a2 63. Ra4 Rc4+ 64. Rxc4 a1=Q 65. Rf4 Qd1+ 0-1

[Event "December 5 Early 2023"]
[Site "https://www.chess.com"]
[Date "2023.12.05"]
[Round "1"]
[White "Gubajdullin, Alexei"]
[Black "Eggleston, Thomas A"]
[Result "1-0"]
[Board "151"]
[TimeControl "180+1"]
[WhiteFideId "4141202"]
[BlackFideId "412139"]
[WhiteElo "2646"]
[BlackElo "2342"]
[WhiteTeam "RUS"]
[BlackTeam "ENG"]
[WhiteClock "0:01:39"]
[BlackClock "0:00:54"]

1. b3 e5 2. Bb2 Nc6 3. c4 Bc5 4. e3 Bb6 5. Nc3 Nf6 6. Nge2 O-O 7. Ng3 d6 8. Bd3 Be6 9. O-O Ne7 10. f4 Bg4 11. Qc2 exf4 12. Rxf4 Ng6 13. Rf2 c6 14. Raf1 Nd7 15. Nce4 Nde5 16. Nf5 d5 17. Ned6 Nxd3 18. Qxd3 dxc4 19. Qxc4 Bxf5 20. Rxf5 Qxd6 21. Rxf7 Qd5 22. Rxg7+ Kh8 23. Rxg6+ 1-0

[Event "December 5 Early 2023"]
[Site "https://www.chess.com"]
[Date "2023.12.05"]
[Round "1"]
[White "Spichkin, Alexander"]
[Black "Agibileg, Uurtsaikh"]
[Result "1-0"]
[Board "152"]
[TimeControl "180+1"]
[WhiteFideId "4144074"]
[BlackFideId "4901606"]
[WhiteElo "2342"]
[BlackElo "2645"]
[WhiteTeam "RUS"]
[BlackTeam "MGL"]
[WhiteClock "0:02:45"]
[BlackClock "0:01:59"]

1. f4 e6 2. Nf3 c5 3. e3 Nc6 4. Be2 d5 5. O-O Nf6 6. b3 Be7 7. Bb5 Bd7 8. Bb2 O-O 9. Bxc6 Bxc6 10. Ne5 Qc7 11. Rf3 Ne4 12. Rh3 g6 13. d3 Nd6 14. Nxc6 Qxc6 15. Qh5 Bh4 16. Qxh7+ 1-0

[Event "December 5 Early 2023"]
[Site "https://www.chess.com"]
[Date "2023.12.05"]
[Round "1"]
[White "Gontcharov, Vladislav"]
[Black "Franchini, Gabriele"]
[Result "1-0"]
[Board "153"]
[TimeControl "180+1"]
[WhiteFideId "4123492"]
[BlackFideId "806790"]
[WhiteElo "2645"]
[BlackElo "2342"]
[WhiteTeam "RUS"]
[BlackTeam "ITA"]
[WhiteClock "0:00:08"]
[BlackClock "0:00:00"]

1. d4 d5 2. c4 e6 3. Nc3 Nf6 4. cxd5 exd5 5. Bg5 c6 6. e3 h6 7. Bh4 Be7 8. Bd3 O-O 9. Nge2 Re8 10. O-O a5 11. Rc1 Nbd7 12. b3 b5 13. f3 Ba6 14. Bf2 a4 15. bxa4 b4 16. Bxa6 Rxa6 17. Nb1 Qa8 18. Qb3 Rxa4 19. Rc2 Nb6 20. Rfc1 Nc4 21. Nf4 Bd6 22. Ne2 Ra6 23. Ng3 g6 24. Nf1 Kg7 25. Nfd2 Nxd2 26. Rxd2 Nd7 27. Rdc2 Rc8 28. e4 Nb6 29. e5 Be7 30. h4 Nc4 31. Nd2 Ra3 32. Qb1 Ne3 33. Bxe3 Rxe3 34. Nf1 Ra3 35. h5 Qa7 36. Rd1 Rc3 37. e6 f5 38. hxg6 Kxg6 39. Ng3 Rf8 40. Rxc3 bxc3 41. Nxf5 Rxf5 42. g4 Bf6 43. Qxf5+ Kg7 44. Kg2 Qa3 45. Qc2 Qa5 46. f4 c5 47. g5 hxg5 48. fxg5 Bxg5 49. Rf1 Bf6 50. Qf5 Qd8 51. Qg4+ Kh8 52. Rh1+ 1-0

[Event "December 5 Early 2023"]
[Site "https://www.chess.com"]
[Date "2023.12.05"]
[Round "1"]
[White "Napoli, Nicolo"]
[Black "Rojas Alarcon, Julian Antonio"]
[Result "0-1"]
[Board "154"]
[TimeControl "180+1"]
[WhiteFideId "813702"]
[BlackFideId "5107407"]
[WhiteElo "2342"]
[BlackElo "2643"]
[WhiteTeam "ITA"]
[BlackTeam "MEX"]
[WhiteClock "0:00:00"]
[BlackClock "0:01:28"]

1. e4 e5 2. Nf3 Nc6 3. d4 exd4 4. Nxd4 Bc5 5. Nb3 Bb6 6. Nc3 Nf6 7. Qe2 d6 8. Be3 Bxe3 9. Qxe3 O-O 10. O-O-O Re8 11. f3 a5 12. Bb5 Bd7 13. Bxc6 Bxc6 14. g4 a4 15. Nd4 a3 16. b3 Qe7 17. h4 d5 18. g5 Nh5 19. Nf5 Qe5 20. Qd4 dxe4 21. fxe4 Qxd4 22. Rxd4 f6 23. gxf6 Nxf6 24. Rg1 g6 25. Re1 Ra5 26. Ng3 Rae5 27. Kd2 Nd7 28. Re2 Nc5 29. Nd5 Rc8 30. Nf6+ Kg7 31. Ng4 Re7 32. e5 Ne6 33. Rd3 Nf4 0-1

[Event "December 5 Early 2023"]
[Site "https://www.chess.com"]
[Date "2023.12.05"]
[Round "1"]
[White "Smirnov, Alexandr A."]
[Black "Georg, Heinz"]
[Result "1-0"]
[Board "155"]
[TimeControl "180+1"]
[WhiteFideId "24104396"]
[BlackFideId "4607295"]
[WhiteElo "2643"]
[BlackElo "2340"]
[WhiteTeam "RUS"]
[BlackTeam "GER"]
[WhiteClock "0:00:59"]
[BlackClock "0:00:00"]

1. e4 e5 2. d4 exd4 3. Qxd4 Nc6 4. Qe3 g6 5. Nc3 Bg7 6. Bd2 Nge7 7. O-O-O O-O 8. h4 d5 9. exd5 Nxd5 10. Qg3 Nxc3 11. Bxc3 Bh6+ 12. f4 Qe7 13. Kb1 Qe4 14. Nh3 Bxh3 15. Qxh3 Rad8 16. Bd3 Qxf4 17. h5 gxh5 18. Qxh5 Rd6 19. Rh3 Rfd8 20. Rf3 Rd5 21. Qxd5 Rxd5 22. Rxf4 Bxf4 23. Bxh7+ Kxh7 24. Rxd5 Kg6 25. b4 a6 26. a4 Ne7 27. Rd7 Bd6 28. Kb2 Nd5 29. Bd2 a5 30. bxa5 Nf6 31. Rd8 Be5+ 32. Bc3 Bd6 33. Rb8 Ne4 34. Rxb7 Kf5 35. a6 Nc5 36. Rb5 Ke6 37. a7 Nxa4+ 38. Kb3 1-0

[Event "December 5 Early 2023"]
[Site "https://www.chess.com"]
[Date "2023.12.05"]
[Round "1"]
[White "Chandra, Anand Rishi"]
[Black "Lamaze, Simon"]
[Result "0-1"]
[Board "156"]
[TimeControl "180+1"]
[WhiteFideId "2626152"]
[BlackFideId "36069264"]
[WhiteElo "2338"]
[BlackElo "2642"]
[WhiteTeam "CAN"]
[BlackTeam "FRA"]
[WhiteClock "0:01:56"]
[BlackClock "0:02:01"]

1. e4 c6 2. Nc3 d5 3. Nf3 Bg4 4. d4 e6 5. h3 Bxf3 6. gxf3 Ne7 7. Be3 g6 8. Rg1 Bg7 9. Qd3 Nd7 10. O-O-O O-O 11. h4 h5 12. Be2 Kh8 13. f4 dxe4 14. Nxe4 Nf5 15. Ng5 Nf6 16. Nxf7+ Rxf7 17. Rxg6 b5 18. Rdg1 Qd5 19. R6g5 Qxa2 20. Bxh5 Nxh5 21. Rxh5+ Kg8 22. Rhg5 Rd8 23. h5 Kf8 24. h6 Bxh6 25. Rg8+ Ke7 26. d5 Rxd5 27. Bc5+ Kd7 0-1